AoeStats
← MarcaTenebrosa

Arabia

507414287Analyzed
1v1 RM · 14d ago on Sep 18, 2026· 44m 42s· 2 players
Game mode
Random Map
Map size
Tiny (2 player)
Population
200
Speed
Normal
Resources
Standard
Victory
Conquest
Starting age
Dark Age
Ending age
Imperial Age
RankedLock teamsTeams togetherTeam positionsShared explorationLock speedFull tech treeHidden civsTurbo modeCheats
Victory
Defeat
🇺🇸 Maya · United States
853
+18
🇦🇷 Franks · Argentina
894
-42
dj_gore
0:37 Loom
12:18 Feudal Age
12:49 Double-Bit Axe
18:45 Castle Age
17:00 Horse Collar
19:02 Stone Mining
19:21 Gold Mining
21:59 Bow Saw
22:03 Heavy Plow
22:58 Eagle Warrior
29:32 Murder Holes
29:18 Treadmill Crane
29:59 Ballistics
29:47 Town Watch
38:20 Imperial Age
40:56 Forging
40:47 Scale Mail Armor
42:28 Iron Casting
42:14 Elite Plumed Archer
43:16 Conscription
44:28 Elite Eagle Warrior
MarcaTenebrosa
7:07 Loom
10:10 Feudal Age
16:49 Castle Age
15:35 Stone Mining
16:46 Double-Bit Axe
19:58 Fletching
27:01 Wheelbarrow
27:18 Bodkin Arrow
28:42 Arson
32:12 Elite Skirmisher
34:07 Scale Mail Armor
39:18 Padded Archer Armor
41:52 Leather Archer Armor
41:59 Chain Mail Armor
41:06 Man-at-Arms
44:36 Forging
43:51 Long Swordsman
Connection lost

Rejoining the realm…

Still unreachable

The connection could not be restored.

Session expired

The server has moved on; the page needs a fresh start.